[Event "WYCC 2018 G16"]
[Site "Halkidiki"]
[Date "2018.10.27"]
[Round "8"]
[White "Gomez Barrera, Javiera Belen"]
[Black "Gombocz, Zsofia"]
[Result "1-0"]
[ECO "C77"]
[WhiteElo "2136"]
[BlackElo "2038"]
[Annotator "NA"]
[PlyCount "87"]
[EventDate "2018.10.20"]
[EventType "swiss"]
[EventCountry "GRE"]
[SourceTitle "playchess.com"]
[Source "ChessBase"]
[SourceQuality "1"]
[TimeControl "40/5400+30:1800+30"]

1. e4 e5 2. Nf3 Nc6 3. Bb5 a6 4. Ba4 Nf6 5. Qe2 b5 6. Bb3 Bc5 7. c3 d6 8. O-O O-O 9. Rd1 Bg4 10. h3 Bxf3 11. Qxf3 Bb6 12. d3 h6 13. Nd2 Na5 14. Bc2 Nh7 15. Nf1 Ng5 16. Qg3 Qf6 17. b4 Nc6 18. Bb3 Ne7 19. Ne3 Bxe3 20. Bxe3 Ng6 21. Qg4 Nf4 22. h4 Nge6 23. g3 Ng6 24. Qf5 Qe7 25. a4 Qd7 26. Qg4 Kh7 27. d4 Nc5 28. Qxd7 Nxd7 29. axb5 axb5 30. Rxa8 Rxa8 31. Bxf7 Nf6 32. f3 Ra3 33. Rc1 c6 34. Kf2 Nd7 35. h5 Ne7 36. Be6 Nf8 37. Bf7 Nd7 38. Rc2 Nf6 39. dxe5 dxe5 40. Bc5 Neg8 41. Bd6 Nd7 42. Bg6+ Kh8 43. Bf5 Ngf6 44. Rd2 1-0

[Event "WYCC 2018 G16"]
[Site "Halkidiki"]
[Date "2018.10.27"]
[Round "8"]
[White "Ouellet, Maili-Jade"]
[Black "Muetsch, Annmarie"]
[Result "0-1"]
[ECO "E77"]
[WhiteElo "2122"]
[BlackElo "2206"]
[Annotator "NA"]
[PlyCount "114"]
[EventDate "2018.10.20"]
[EventType "swiss"]
[EventCountry "GRE"]
[SourceTitle "playchess.com"]
[Source "ChessBase"]
[SourceQuality "1"]
[TimeControl "40/5400+30:1800+30"]

1. d4 Nf6 2. c4 g6 3. Nc3 Bg7 4. e4 d6 5. f4 O-O 6. Nf3 c5 7. d5 e6 8. Be2 exd5 9. cxd5 Bg4 10. O-O Nbd7 11. h3 Bxf3 12. Bxf3 a6 13. g4 b5 14. g5 Ne8 15. Kg2 Nb6 16. Qc2 b4 $14 17. Ne2 Nc7 18. Be3 Re8 19. Bf2 Nb5 20. Rac1 Rc8 21. h4 c4 22. h5 c3 23. b3 Nd7 24. hxg6 hxg6 25. Rh1 Nc5 26. Bxc5 Rxc5 27. Qd3 a5 28. Rh4 a4 29. Rg4 axb3 30. axb3 Na3 31. f5 c2 32. f6 Bxf6 33. gxf6 Qxf6 34. Qd2 Qb2 35. Qxb4 Nb1 36. Qa4 Rec8 37. Rh4 Nd2 38. Qd4 Qxd4 39. Nxd4 Rc3 40. Bg4 R8c5 41. Be2 Nxb3 42. Nxb3 Rxb3 43. Kf2 Kg7 44. Rhh1 f5 45. Bf3 Rcc3 46. Bg2 f4 47. Rhe1 Kf6 48. Bh1 g5 49. Re2 Rb1 50. Ree1 Rxc1 51. Rxc1 g4 52. Bg2 Ke5 53. Ke1 f3 54. Kd2 Kd4 55. e5 Rd3+ 56. Kxc2 Rc3+ 57. Kd2 Rxc1 0-1

[Event "WYCC 2018 G16"]
[Site "Halkidiki"]
[Date "2018.10.27"]
[Round "8"]
[White "Palma, Maria"]
[Black "Mikic, Ivana"]
[Result "1-0"]
[ECO "E15"]
[WhiteElo "2106"]
[BlackElo "1783"]
[Annotator "NA"]
[PlyCount "55"]
[EventDate "2018.10.20"]
[EventType "swiss"]
[EventCountry "GRE"]
[SourceTitle "playchess.com"]
[Source "ChessBase"]
[SourceQuality "1"]
[TimeControl "40/5400+30:1800+30"]

1. d4 Nf6 2. c4 e6 3. Nf3 b6 4. g3 d5 5. Bg2 Bb7 6. O-O Be7 7. cxd5 Bxd5 8. Nc3 Bb7 9. Re1 O-O 10. e4 c5 11. d5 exd5 12. exd5 Re8 13. Ne5 Bd6 14. Nc4 Rxe1+ 15. Qxe1 Na6 16. Bg5 h6 17. Bxf6 gxf6 18. Qe4 Nc7 19. Ne3 Qd7 20. Nf5 Bf8 21. Qg4+ Kh8 22. Qh5 Kg8 23. Nxh6+ Bxh6 24. Qxh6 f5 25. Qg5+ Kh7 26. Bh3 Bc8 27. Re1 Qd6 28. Re7 1-0

[Event "WYCC 2018 G16"]
[Site "Halkidiki"]
[Date "2018.10.27"]
[Round "8"]
[White "Kucharska, Honorata"]
[Black "Cervantes Landeiro, Thalia"]
[Result "1-0"]
[ECO "D00"]
[WhiteElo "2073"]
[BlackElo "2129"]
[Annotator "NA"]
[PlyCount "85"]
[EventDate "2018.10.20"]
[EventType "swiss"]
[EventCountry "GRE"]
[SourceTitle "playchess.com"]
[Source "ChessBase"]
[SourceQuality "1"]
[TimeControl "40/5400+30:1800+30"]

1. d4 d5 2. Nc3 Nf6 3. Bf4 g6 4. e3 Bg7 5. h4 c5 6. Nb5 Na6 7. c3 O-O 8. Be2 cxd4 9. exd4 Qb6 10. a4 Bd7 11. Nf3 Bxb5 12. axb5 Nc7 13. Bxc7 Qxc7 14. O-O Ne4 15. Ng5 Nd6 16. Bd3 a6 17. bxa6 bxa6 18. Rxa6 Rxa6 19. Bxa6 Qb6 20. Qe2 Nf5 21. Bd3 Nxh4 22. Qg4 h6 23. Nxf7 Rxf7 24. Qxh4 g5 25. Qh3 Qd6 26. Bf5 Rf8 27. Be6+ Kh8 28. Re1 Rf6 29. Qe3 Rf4 30. Qd3 Rf6 31. Qh3 Rf8 32. b4 Qc6 33. Bd7 Qf6 34. Qe3 Qd6 35. Qxe7 Qc7 36. Re3 Ra8 37. g3 Rf8 38. Bg4 Qc4 39. Qe6 Qa2 40. Bf5 Rf6 41. Qe8+ Bf8 42. Qd7 Bg7 43. Re8+ 1-0

[Event "WYCC 2018 G16"]
[Site "Halkidiki"]
[Date "2018.10.27"]
[Round "8"]
[White "Srdanovic, Jovana"]
[Black "Rudzinska, Michalina"]
[Result "1-0"]
[ECO "A44"]
[WhiteElo "2072"]
[BlackElo "2073"]
[Annotator "NA"]
[PlyCount "133"]
[EventDate "2018.10.20"]
[EventType "swiss"]
[EventCountry "GRE"]
[SourceTitle "playchess.com"]
[Source "ChessBase"]
[SourceQuality "1"]
[TimeControl "40/5400+30:1800+30"]

1. d4 c5 2. d5 e5 3. Nc3 d6 4. e4 Be7 5. Nf3 Nf6 6. Bb5+ Nbd7 7. a4 O-O 8. O-O Ne8 9. Bd3 g6 10. Bh6 Ng7 11. Qd2 Nf6 12. h3 Kh8 13. Be3 Ng8 14. Nh2 f5 15. f4 exf4 16. Bxf4 g5 17. Be3 f4 18. Bf2 Bf6 19. Be2 h5 20. Qd1 Qe8 21. Nb5 Be5 22. Nc7 Qg6 23. Nxa8 Nf6 24. Nf3 g4 25. Nxe5 dxe5 26. h4 f3 27. Bxf3 gxf3 28. Qxf3 Bg4 29. Qd3 c4 30. Qa3 Rxa8 31. Rae1 Nxe4 32. Bg3 Bf5 33. Bxe5 Rg8 34. Qf3 Nd6 35. Qg3 Qxg3 36. Bxg3 Nge8 37. Be5+ Kh7 38. Bxd6 Nxd6 39. Re7+ Kg6 40. c3 a6 41. Rfe1 Rd8 42. Kf2 Ne4+ 43. R7xe4 Bxe4 44. Rxe4 Rxd5 45. Ke2 Rc5 46. Re7 Ra5 47. Rxb7 Rxa4 48. Ke3 Ra1 49. Rb4 Rg1 50. Kf3 Rb1 51. Rxc4 Rxb2 52. Rc6+ Kf5 53. Rxa6 Rc2 54. Ra5+ Kg6 55. Rc5 Rc1 56. c4 Kf6 57. Rxh5 Rxc4 58. g3 Rc3+ 59. Kg4 Rc4+ 60. Kh3 Kg6 61. Rb5 Rc1 62. h5+ Kh6 63. Kh4 Rh1+ 64. Kg4 Ra1 65. Rb6+ Kh7 66. Kg5 Ra5+ 67. Kh4 1-0

[Event "WYCC 2018 G16"]
[Site "Halkidiki"]
[Date "2018.10.27"]
[Round "8"]
[White "Sankova, Stella"]
[Black "Hajiyeva, Laman"]
[Result "0-1"]
[ECO "C11"]
[WhiteElo "2051"]
[BlackElo "1916"]
[Annotator "NA"]
[PlyCount "42"]
[EventDate "2018.10.20"]
[EventType "swiss"]
[EventCountry "GRE"]
[SourceTitle "playchess.com"]
[Source "ChessBase"]
[SourceQuality "1"]
[TimeControl "40/5400+30:1800+30"]

1. e4 e6 2. d4 d5 3. Nc3 Nf6 4. e5 Nfd7 5. f4 c5 6. Nf3 Nc6 7. Be3 a6 8. Qd2 cxd4 9. Nxd4 Bc5 10. O-O-O Nxd4 11. Bxd4 O-O 12. Bxc5 Nxc5 13. Qd4 Qc7 14. h4 Bd7 15. h5 Rac8 16. Kb1 Ne4 17. Rh3 f6 18. Rc1 fxe5 19. fxe5 Rf4 20. Nxe4 Rxe4 21. Qa7 Qxc2+ 0-1

[Event "WYCC 2018 G16"]
[Site "Halkidiki"]
[Date "2018.10.27"]
[Round "8"]
[White "Cramling Bellon, Anna"]
[Black "Nemcova, Karin"]
[Result "1/2-1/2"]
[ECO "E35"]
[WhiteElo "2025"]
[BlackElo "1888"]
[Annotator "NA"]
[PlyCount "121"]
[EventDate "2018.10.20"]
[EventType "swiss"]
[EventCountry "GRE"]
[SourceTitle "playchess.com"]
[Source "ChessBase"]
[SourceQuality "1"]
[TimeControl "40/5400+30:1800+30"]

1. d4 Nf6 2. c4 e6 3. Nc3 Bb4 4. Qc2 d5 5. cxd5 exd5 6. Bg5 h6 7. Bh4 c5 8. dxc5 g5 9. Bg3 Ne4 10. e3 Qa5 11. Rc1 Qxa2 12. Bb5+ Bd7 13. Bxd7+ Nxd7 14. Nge2 Nxc3 15. Nxc3 Qc4 16. Rd1 Nxc5 17. Rd4 Bxc3+ 18. bxc3 Qb3 19. Qxb3 Nxb3 20. Rxd5 b6 21. h4 g4 22. Ke2 O-O 23. Rb1 Nc5 24. Rb4 f5 25. f3 gxf3+ 26. gxf3 Rad8 27. Rbd4 Rxd5 28. Rxd5 Kh7 29. Be5 Rf7 30. h5 Rd7 31. e4 fxe4 32. fxe4 Re7 33. Ke3 a5 34. Kf4 a4 35. Kf5 Rf7+ 36. Kg4 Nd7 37. Bd4 a3 38. c4 a2 39. Kg3 Nf8 40. Rd8 Rd7 41. Rxf8 Rxd4 42. Ra8 Rxe4 43. Rxa2 Rxc4 44. Ra7+ Kg8 45. Rb7 Rc5 46. Rxb6 Rxh5 47. Kg4 Rh1 48. Rb7 h5+ 49. Kg3 Rg1+ 50. Kh4 Rh1+ 51. Kg3 Rc1 52. Rb5 Rh1 53. Rb7 Kh8 54. Ra7 Rb1 55. Ra5 Rh1 56. Kg2 Rh4 57. Kg3 Rh1 58. Kg2 Rh4 59. Kg3 Rg4+ 60. Kh3 Rb4 61. Rxh5+ 1/2-1/2

[Event "WYCC 2018 G16"]
[Site "Halkidiki"]
[Date "2018.10.27"]
[Round "8"]
[White "Miroshnik, Ekaterina"]
[Black "Nayberg, Simona"]
[Result "1-0"]
[ECO "D30"]
[WhiteElo "2023"]
[BlackElo "1857"]
[Annotator "NA"]
[PlyCount "131"]
[EventDate "2018.10.20"]
[EventType "swiss"]
[EventCountry "GRE"]
[SourceTitle "playchess.com"]
[Source "ChessBase"]
[SourceQuality "1"]
[TimeControl "40/5400+30:1800+30"]

1. d4 d5 2. c4 e6 3. Nf3 Nf6 4. e3 Be7 5. Bd3 O-O 6. O-O dxc4 7. Bxc4 c5 8. b3 a6 9. Bb2 b5 10. Bd3 Bb7 11. Nbd2 Nbd7 12. a4 b4 13. Rc1 Rc8 14. Qe2 a5 15. Ba6 Bxa6 16. Qxa6 Ra8 17. Qe2 Qb8 18. Rc2 Qb7 19. Rfc1 Rfc8 20. Nc4 Ne4 21. Nfe5 Nxe5 22. dxe5 h6 23. f3 Ng5 24. Nd6 Bxd6 25. exd6 Rd8 26. Rxc5 Rxd6 27. Bd4 f6 28. Qc4 Kh8 29. h4 Nxf3+ 30. gxf3 Qxf3 31. Qf1 Qg4+ 32. Qg2 Qxg2+ 33. Kxg2 e5 34. Rc8+ Rxc8 35. Rxc8+ Kh7 36. Bc5 Rd3 37. Ra8 Rxb3 38. Rxa5 Rb2+ 39. Kg3 b3 40. Rb5 Ra2 41. a5 Kg6 42. Bb6 Ra3 43. Bc7 Kf5 44. Rb4 h5 45. Bd8 g5 46. hxg5 fxg5 47. e4+ Ke6 48. Bxg5 Rxa5 49. Rxb3 Ra4 50. Rb6+ Kf7 51. Kf3 Ra3+ 52. Be3 Kg7 53. Re6 Ra5 54. Rxe5 Ra3 55. Rxh5 Kg6 56. Rg5+ Kf7 57. Kf4 Ra4 58. Bc5 Ke6 59. Rg6+ Kf7 60. Rc6 Ra1 61. Ke5 Rd1 62. Rc7+ Kg6 63. Ke6 Re1 64. e5 Re2 65. Bd6 Re4 66. Kd7 1-0

[Event "WYCC 2018 G16"]
[Site "Halkidiki"]
[Date "2018.10.27"]
[Round "8"]
[White "Nestorovic, Katarina"]
[Black "Nguyen, Vu Thu Hien"]
[Result "0-1"]
[ECO "C11"]
[WhiteElo "2015"]
[BlackElo "1841"]
[Annotator "NA"]
[PlyCount "128"]
[EventDate "2018.10.20"]
[EventType "swiss"]
[EventCountry "GRE"]
[SourceTitle "playchess.com"]
[Source "ChessBase"]
[SourceQuality "1"]
[TimeControl "40/5400+30:1800+30"]

1. e4 c6 2. d4 d5 3. f3 e6 4. Nc3 Nf6 5. e5 Nfd7 6. f4 c5 7. Nf3 Nc6 8. Be3 cxd4 9. Nxd4 Qb6 10. Qd2 Qb4 11. a3 Qxb2 12. Ra2 Qb6 13. Nxe6 d4 14. Nxd4 Nxd4 15. Bxd4 Qe6 16. Bb5 a6 17. Ba4 Be7 18. Bb3 Qg4 19. O-O O-O 20. Qe3 Nb8 21. Nd5 Nc6 22. Bc5 Bxc5 23. Qxc5 Bd7 24. Rf3 Rad8 25. Nf6+ gxf6 26. Rg3 fxe5 27. Rxg4+ Bxg4 28. c3 Rfe8 29. Rf2 Bh5 30. f5 Bd1 31. Ba2 e4 32. f6 Re5 33. Qe3 Kf8 34. Qh6+ Ke8 35. Qxh7 Bh5 36. Qg8+ Kd7 37. Rd2+ Kc8 38. Rxd8+ Nxd8 39. Qg3 Nc6 40. Qe3 Bg6 41. g4 Rb5 42. a4 Ra5 43. Bb3 Ne5 44. h3 Nd7 45. Qd4 Re5 46. Bd5 e3 47. Bxb7+ Kc7 48. Bxa6 Re6 49. Qa7+ Kd6 50. g5 Bh5 51. Bb5 Nc5 52. Qb6+ Kd5 53. Qd8+ Rd6 54. Bc4+ Ke5 55. Qe7+ Ne6 56. Bxe6 Rxe6 57. Qb4 e2 58. Kf2 Kf5 59. Qb1+ Kxg5 60. Qc1+ Kg6 61. Ke1 Rxf6 62. Qb1+ Kg7 63. Kd2 Rd6+ 64. Kc2 Bg6+ 0-1

[Event "WYCC 2018 G16"]
[Site "Halkidiki"]
[Date "2018.10.27"]
[Round "8"]
[White "Jarocka, Liwia"]
[Black "Hilario, Aleyla"]
[Result "1/2-1/2"]
[ECO "C88"]
[WhiteElo "1990"]
[BlackElo "2175"]
[Annotator "NA"]
[PlyCount "67"]
[EventDate "2018.10.20"]
[EventType "swiss"]
[EventCountry "GRE"]
[SourceTitle "playchess.com"]
[Source "ChessBase"]
[SourceQuality "1"]
[TimeControl "40/5400+30:1800+30"]

1. e4 e5 2. Nf3 Nc6 3. Bb5 a6 4. Ba4 Nf6 5. O-O Be7 6. Re1 b5 7. Bb3 O-O 8. a4 Rb8 9. axb5 axb5 10. Nc3 d6 11. h3 Be6 12. Bxe6 fxe6 13. d3 Qe8 14. Ne2 Nh5 15. Ng3 Nxg3 16. fxg3 Qg6 17. g4 Nd4 18. Be3 Nxf3+ 19. gxf3 Rf7 20. Ra7 Bh4 21. Rf1 Bg5 22. Qe2 h5 23. Rfa1 Rbf8 24. Ra8 Bd8 25. Kg2 Qf6 26. Rf1 hxg4 27. hxg4 Qg6 28. Qe1 c5 29. Qg3 Bg5 30. Rxf8+ Rxf8 31. Bxg5 Qxg5 32. Ra1 Kf7 33. Qh2 Qd2+ 34. Kg3 1/2-1/2

[Event "WYCC 2018 G16"]
[Site "Halkidiki"]
[Date "2018.10.27"]
[Round "8"]
[White "Zhang, Xiao"]
[Black "Makhija, Aashna"]
[Result "0-1"]
[ECO "D37"]
[WhiteElo "1980"]
[BlackElo "2197"]
[Annotator "NA"]
[PlyCount "100"]
[EventDate "2018.10.20"]
[EventType "swiss"]
[EventCountry "GRE"]
[SourceTitle "playchess.com"]
[Source "ChessBase"]
[SourceQuality "1"]
[TimeControl "40/5400+30:1800+30"]

1. d4 Nf6 2. c4 e6 3. Nf3 d5 4. Nc3 Be7 5. Bf4 O-O 6. e3 b6 7. cxd5 Nxd5 8. Bg3 Bb7 9. Be2 c5 10. O-O Nd7 11. Rc1 N7f6 12. Ne5 cxd4 13. exd4 Rc8 14. Qa4 a6 15. Nxd5 Nxd5 16. Bf3 Bg5 17. Rce1 Re8 18. Qb3 Re7 19. Nc4 Rd7 20. Ne5 Re7 21. h4 Bf4 22. Be4 Bxg3 23. Qxg3 Nf6 24. Bxb7 Rxb7 25. Qd3 b5 26. g4 Nd5 27. g5 Rbc7 28. a3 Rc2 29. Qe4 Qe7 30. Nd3 Nb6 31. b3 R2c3 32. Nc5 Qd6 33. Re3 Rxe3 34. Qxe3 Nd5 35. Qe4 Ne7 36. b4 Nf5 37. Rd1 Ne7 38. Qb7 Qf4 39. Rd3 Re8 40. Qd7 Kf8 41. Nxa6 Qxh4 42. Qxb5 Nf5 43. Qc5+ Kg8 44. Qc6 Qxg5+ 45. Kf1 Rd8 46. b5 Qh4 47. b6 Nxd4 48. Qg2 Qf4 49. Rd1 Qe5 50. Kg1 Ne2+ {[%emt 0:00:11] Ra1} 0-1

[Event "WYCC 2018 G16"]
[Site "Halkidiki"]
[Date "2018.10.27"]
[Round "8"]
[White "Aciu, Malina-Andreea"]
[Black "Peycheva, Gergana"]
[Result "1-0"]
[ECO "B41"]
[WhiteElo "1976"]
[BlackElo "2152"]
[Annotator "NA"]
[PlyCount "75"]
[EventDate "2018.10.20"]
[EventType "swiss"]
[EventCountry "GRE"]
[SourceTitle "playchess.com"]
[Source "ChessBase"]
[SourceQuality "1"]
[TimeControl "40/5400+30:1800+30"]

1. e4 c5 2. Nf3 e6 3. d4 cxd4 4. Nxd4 a6 5. c4 Nf6 6. Nc3 Bb4 7. Bd3 Qc7 8. Nc2 Bxc3+ 9. bxc3 Qe5 10. O-O Qxc3 11. f4 b5 12. cxb5 axb5 13. Be3 Nc6 14. Qe2 Qa5 15. Bc5 Ba6 16. Bd6 Qb6+ 17. Kh1 Na5 18. e5 Nd5 19. Qg4 g6 20. Nb4 Nxb4 21. Bxb4 Nc6 22. Bd6 Qd8 23. f5 exf5 24. Bxf5 Ne7 25. Be4 Rc8 26. Qg5 Rf8 27. Qh6 b4 28. Rfe1 Bc4 29. Bxb4 Be6 30. Qxh7 Rc4 31. a3 Qb8 32. Bd6 Qb2 33. Bf3 Nf5 34. Rab1 Qc3 35. Rb8+ Rc8 36. Rxc8+ Qxc8 37. Bxf8 Qc3 38. Bb4 1-0

[Event "WYCC 2018 G16"]
[Site "Halkidiki"]
[Date "2018.10.27"]
[Round "8"]
[White "Sanskriti Goyal"]
[Black "Getman, Tatyana"]
[Result "1-0"]
[ECO "E46"]
[WhiteElo "1971"]
[BlackElo "2195"]
[Annotator "NA"]
[PlyCount "91"]
[EventDate "2018.10.20"]
[EventType "swiss"]
[EventCountry "GRE"]
[SourceTitle "playchess.com"]
[Source "ChessBase"]
[SourceQuality "1"]
[TimeControl "40/5400+30:1800+30"]

1. d4 Nf6 2. c4 e6 3. Nc3 Bb4 4. e3 O-O 5. Nge2 Re8 6. a3 Bf8 7. d5 a5 8. g3 Na6 9. Bg2 Nc5 10. O-O a4 11. Qc2 exd5 12. cxd5 d6 13. e4 Nb3 14. Rb1 Bd7 15. Re1 g6 16. Be3 Ng4 17. Bd4 Nxd4 18. Nxd4 Bg7 19. Rbd1 Ra5 20. h3 Nh6 21. Qd2 Rc5 22. f4 Rc4 23. Nf3 b5 24. g4 Kh8 25. e5 Qb8 26. Bf1 Qc8 27. Bxc4 bxc4 28. exd6 cxd6 29. Rxe8+ Bxe8 30. Re1 Bd7 31. Qe3 Qb7 32. Re2 Kg8 33. Nd4 Qb6 34. Nc6 Qb7 35. Kf1 Kh8 36. Qe7 Ng8 37. Qxd6 h5 38. Nd8 Qa7 39. Nxf7+ Kh7 40. Ng5+ Kh6 41. Nf7+ Kh7 42. Ne4 Nh6 43. Neg5+ Kg8 44. Nxh6+ Bxh6 45. Qxg6+ Bg7 46. Qf7+ 1-0

[Event "WYCC 2018 G16"]
[Site "Halkidiki"]
[Date "2018.10.27"]
[Round "8"]
[White "Ros Alonso, Joana"]
[Black "Kalyva, Kyriaki"]
[Result "0-1"]
[ECO "B26"]
[WhiteElo "1952"]
[BlackElo "1779"]
[Annotator "NA"]
[PlyCount "76"]
[EventDate "2018.10.20"]
[EventType "swiss"]
[EventCountry "GRE"]
[SourceTitle "playchess.com"]
[Source "ChessBase"]
[SourceQuality "1"]
[TimeControl "40/5400+30:1800+30"]

1. e4 c5 2. Nc3 Nc6 3. g3 g6 4. Bg2 Bg7 5. d3 d6 6. Be3 Nd4 7. Qd2 Qa5 8. Nf3 Nxf3+ 9. Bxf3 Rb8 10. g4 b5 11. h4 b4 12. Nd1 Nf6 13. g5 Nd7 14. Be2 Bb7 15. h5 c4 16. h6 c3 17. bxc3 Bxc3 18. Nxc3 bxc3 19. Qc1 d5 20. exd5 Bxd5 21. Rh4 O-O 22. a4 Rb2 23. d4 Qb4 24. Bf4 e5 25. dxe5 Nxe5 26. Bg3 Nc4 27. Qd1 Qb7 28. Rc1 Nd2 29. Be5 Re8 30. f4 Qb4 31. Rh3 Bc4 32. Bxc3 Qc5 33. Rg3 Ne4 34. Bd4 Qa5+ 35. Kf1 Nxg3+ 36. Kg2 Nxe2 37. Bxb2 Nxf4+ 38. Kh2 Qxg5 0-1

[Event "WYCC 2018 G16"]
[Site "Halkidiki"]
[Date "2018.10.27"]
[Round "8"]
[White "De Silva, Tenara"]
[Black "Duson, Robin"]
[Result "1-0"]
[ECO "B48"]
[WhiteElo "1927"]
[BlackElo "1999"]
[Annotator "NA"]
[PlyCount "115"]
[EventDate "2018.10.20"]
[EventType "swiss"]
[EventCountry "GRE"]
[SourceTitle "playchess.com"]
[Source "ChessBase"]
[SourceQuality "1"]
[TimeControl "40/5400+30:1800+30"]

1. e4 c5 2. Nf3 e6 3. d4 cxd4 4. Nxd4 Nc6 5. Nc3 Qc7 6. Be3 a6 7. a3 Nf6 8. f4 h5 9. h3 h4 10. Qf3 Nh5 11. Nxc6 bxc6 12. Bd3 Rb8 13. Rb1 Ng3 14. Rg1 d5 15. Bf2 Qa5 16. Kd1 Bd7 17. Bxg3 hxg3 18. Ke2 d4 19. b4 Qc7 20. Na4 a5 21. Nc5 Bc8 22. Qxg3 Rh5 23. Qf3 Rxc5 24. bxc5 Bxc5 25. a4 Bb4 26. g4 Bd7 27. f5 e5 28. g5 c5 29. Bb5 Bxb5+ 30. axb5 c4 31. Rbc1 Rd8 32. f6 g6 33. h4 d3+ 34. cxd3 Rxd3 35. Qg4 Qc5 36. Rgd1 Ba3 37. Rxc4 Re3+ 38. Kf2 Rxe4+ 39. Rxc5 Bxc5+ 40. Kf3 Rxg4 41. Kxg4 Bd4 42. Rb1 Kd7 43. b6 Kc8 44. b7+ Kb8 45. h5 gxh5+ 46. Kxh5 e4 47. g6 Bxf6 48. gxf7 Be7 49. Kg6 a4 50. Kg7 a3 51. f8=Q+ Bxf8+ 52. Kxf8 e3 53. Ke7 a2 54. Ra1 e2 55. Kd6 Kxb7 56. Kc5 Kc7 57. Kc4 Kc6 58. Kd3 1-0

[Event "WYCC 2018 G16"]
[Site "Halkidiki"]
[Date "2018.10.27"]
[Round "8"]
[White "Shanya Mishra"]
[Black "Hovhannisyan, Mane"]
[Result "1-0"]
[ECO "D11"]
[WhiteElo "1924"]
[BlackElo "1730"]
[Annotator "NA"]
[PlyCount "89"]
[EventDate "2018.10.20"]
[EventType "swiss"]
[EventCountry "GRE"]
[SourceTitle "playchess.com"]
[Source "ChessBase"]
[SourceQuality "1"]
[TimeControl "40/5400+30:1800+30"]

1. d4 d5 2. c4 c6 3. Nf3 a6 4. e3 Nf6 5. Nc3 Bf5 6. Bd2 e6 7. Nh4 Bg6 8. Nxg6 hxg6 9. Rc1 Bd6 10. g3 Nbd7 11. cxd5 exd5 12. Bg2 O-O 13. O-O Re8 14. Re1 Ne4 15. f3 Nxd2 16. Qxd2 Qg5 17. Qd3 Rad8 18. e4 Bb4 19. e5 c5 20. f4 Qh5 21. Red1 Nb6 22. a3 c4 23. Qc2 Bxc3 24. Qxc3 Re6 25. Qb4 g5 26. f5 Rh6 27. e6 Nc8 28. e7 Re8 29. Re1 Qxh2+ 30. Kf2 Rb6 31. Qd2 Rb3 32. Rc3 Rxc3 33. bxc3 Nd6 34. Qxg5 Ne4+ 35. Rxe4 dxe4 36. f6 e3+ 37. Kxe3 Qg1+ 38. Kf3 Qd1+ 39. Kf2 Qc2+ 40. Kg1 Qb1+ 41. Bf1 Qh7 42. Bxc4 b5 43. Bd3 g6 44. d5 Qh3 45. Bxg6 1-0

[Event "WYCC 2018 G16"]
[Site "Halkidiki"]
[Date "2018.10.27"]
[Round "8"]
[White "Esadze, Tamari"]
[Black "Akti, Ezgi"]
[Result "1-0"]
[ECO "C95"]
[WhiteElo "1911"]
[BlackElo "1643"]
[Annotator "NA"]
[PlyCount "63"]
[EventDate "2018.10.20"]
[EventType "swiss"]
[EventCountry "GRE"]
[SourceTitle "playchess.com"]
[Source "ChessBase"]
[SourceQuality "1"]
[TimeControl "40/5400+30:1800+30"]

1. e4 e5 2. Nf3 Nc6 3. Bb5 a6 4. Ba4 Nf6 5. O-O Be7 6. Re1 b5 7. Bb3 O-O 8. c3 d6 9. h3 Nb8 10. d4 Nbd7 11. Nbd2 Bb7 12. Bc2 Re8 13. Nf1 Bf8 14. Ng3 g6 15. a4 c6 16. Be3 Bg7 17. axb5 axb5 18. Qd2 d5 19. dxe5 Nxe5 20. Nxe5 Rxe5 21. f4 Re8 22. e5 Nd7 23. b4 f6 24. exf6 Bxf6 25. Rxa8 Qxa8 26. Ne4 dxe4 27. Qxd7 Re7 28. Qd6 Qf8 29. Bc5 Qf7 30. Bb3 Qxb3 31. Qxf6 Re8 32. Bd4 1-0

[Event "WYCC 2018 G16"]
[Site "Halkidiki"]
[Date "2018.10.27"]
[Round "8"]
[White "Xing, Ashley"]
[Black "Djidjeli, Sarah"]
[Result "1-0"]
[ECO "D96"]
[WhiteElo "1889"]
[BlackElo "1952"]
[Annotator "NA"]
[PlyCount "111"]
[EventDate "2018.10.20"]
[EventType "swiss"]
[EventCountry "GRE"]
[SourceTitle "playchess.com"]
[Source "ChessBase"]
[SourceQuality "1"]
[TimeControl "40/5400+30:1800+30"]

1. d4 Nf6 2. c4 g6 3. Nc3 d5 4. Nf3 Bg7 5. Qb3 dxc4 6. Qxc4 c6 7. e4 Bg4 8. Ne5 O-O 9. Nxg4 Nxg4 10. Be2 Nf6 11. O-O Nbd7 12. Be3 e5 13. Rfd1 exd4 14. Bxd4 Qe7 15. f3 Rfd8 16. Rab1 Ne5 17. Qc5 Qxc5 18. Bxc5 Re8 19. b4 Nh5 20. Rb3 Nf4 21. Bf1 b6 22. Be3 Ne6 23. b5 c5 24. Nd5 Rac8 25. Ra3 Ra8 26. Be2 Red8 27. Ne7+ Kf8 28. Rxd8+ Nxd8 29. Nd5 Nd7 30. Nc7 Rc8 31. Rxa7 Bd4 32. Kf2 Bxe3+ 33. Kxe3 Nf6 34. Bc4 Nd7 35. f4 Nf6 36. h3 Ne8 37. Nd5 Rb8 38. e5 Ne6 39. Ra6 N8c7 40. Nxc7 Nxc7 41. Ra7 Rc8 42. Rb7 h6 43. Rxb6 Ra8 44. Rf6 Ra3+ 45. Kd2 Nxb5 46. Bxb5 Rxa2+ 47. Ke1 Rxg2 48. Bc4 Rg3 49. Bxf7 Ke7 50. Bxg6 Rxh3 51. Rf7+ Kd8 52. Rf8+ Kc7 53. Bf5 Rf3 54. Rc8+ Kb6 55. e6 Rxf4 56. e7 1-0

[Event "WYCC 2018 G16"]
[Site "Halkidiki"]
[Date "2018.10.27"]
[Round "8"]
[White "Tejasvi M"]
[Black "Hercog, Nusa"]
[Result "0-1"]
[ECO "A01"]
[WhiteElo "1869"]
[BlackElo "2017"]
[Annotator "NA"]
[PlyCount "60"]
[EventDate "2018.10.20"]
[EventType "swiss"]
[EventCountry "GRE"]
[SourceTitle "playchess.com"]
[Source "ChessBase"]
[SourceQuality "1"]
[TimeControl "40/5400+30:1800+30"]

1. b3 d5 2. e3 Nf6 3. Bb2 e6 4. f4 c5 5. Nf3 Nc6 6. Be2 Be7 7. O-O O-O 8. Ne5 Qc7 9. Rf3 Nd7 10. d4 f6 11. Nxc6 Qxc6 12. Bd3 f5 13. Nd2 Nf6 14. a4 b6 15. Rh3 Bb7 16. Nf3 Ng4 17. Ne5 Nxe5 18. fxe5 c4 19. Bf1 g6 20. Ba3 Bxa3 21. Rxa3 cxb3 22. cxb3 f4 23. exf4 Rxf4 24. b4 Raf8 25. Bb5 Rxd4 26. Qa1 Qc2 27. Bd3 Rxd3 28. Raxd3 Qf2+ 29. Kh1 Qf1+ 30. Qxf1 Rxf1# 0-1

[Event "WYCC 2018 G16"]
[Site "Halkidiki"]
[Date "2018.10.27"]
[Round "8"]
[White "Kvendseth, Thyra"]
[Black "Schulze, Lara"]
[Result "0-1"]
[ECO "A61"]
[WhiteElo "1854"]
[BlackElo "2122"]
[Annotator "NA"]
[PlyCount "148"]
[EventDate "2018.10.20"]
[EventType "swiss"]
[EventCountry "GRE"]
[SourceTitle "playchess.com"]
[Source "ChessBase"]
[SourceQuality "1"]
[TimeControl "40/5400+30:1800+30"]

1. d4 Nf6 2. Nf3 e6 3. c4 c5 4. d5 exd5 5. cxd5 d6 6. Nc3 g6 7. e4 a6 8. a4 Bg4 9. Bd3 Bg7 10. h3 Bxf3 11. Qxf3 O-O 12. O-O Nbd7 13. Qg3 Ne5 14. Be2 Re8 15. f4 Ned7 16. Bf3 c4 17. Be3 b5 18. axb5 axb5 19. Rxa8 Qxa8 20. Nxb5 Qb8 21. Nxd6 Qxd6 22. e5 Qb4 23. exf6 Bxf6 24. Bg4 Qxb2 25. Kh1 Qb3 26. Bf2 Qxg3 27. Bxg3 Nc5 28. f5 Ne4 29. Bc7 Rc8 30. Bh2 g5 31. Rc1 c3 32. Bf3 Nf2+ 33. Kg1 Nd3 34. Rc2 Ra8 35. Kf1 Nb4 36. Rc1 Nd3 37. Rc2 Nb4 38. Rc1 Ra2 39. Be4 c2 40. Ke2 Bb2 41. d6 Kf8 42. Rxc2 Nxc2 43. Bxc2 Bd4 44. Kd3 Bc5 45. f6 Ke8 46. Bd1 Ra6 47. Ke4 Bxd6 48. Bxd6 Rxd6 49. Ba4+ Kf8 50. Ke5 Ra6 51. Bc2 Ra5+ 52. Kd6 h6 53. Be4 Ra2 54. Bf3 Ke8 55. Bc6+ Kd8 56. Bd5 Rf2 57. Ke5 Re2+ 58. Kf5 Rf2+ 59. Ke5 Kd7 60. Bf3 Rxf3 61. gxf3 Kc6 62. Kf5 Kd5 63. h4 gxh4 64. Kg4 Ke5 65. Kxh4 Kxf6 66. Kh5 Kg7 67. f4 Kh7 68. Kh4 Kg6 69. Kg4 h5+ 70. Kh4 Kf5 71. Kg3 h4+ 72. Kf3 f6 73. Kg2 Kxf4 74. Kh3 Kg5 0-1